 Dungeon Crawl Stone Soup version 0.30-a0-600-gb7c8574cbb (webtiles) character file.

Game seed: 10236821699702959020

189 M4edhros the Charlatan (level 5, -2/34 HPs)
             Began as an Octopode Artificer on Jan 7, 2023.
             Succumbed to an orc's poison
             ... on level 4 of the Dungeon.
             The game lasted 00:01:45 (858 turns).

M4edhros the Charlatan (Octopode Artificer)          Turns: 858, Time: 00:01:46

Health: -2/34      AC:  1    Str: 11    XL:     5   Next: 68%
Magic:  5/5        EV: 14    Int: 14    God:
Gold:   91         SH:  0    Dex: 14    Spells: 4/4 levels left

rFire   + . .      SeeInvis .      - Unarmed
rCold   + . .      Faith    .    (no shield)
rNeg    . . .      Spirit   .    (helmet restricted)
rPois   +          Reflect  .    (no amulet)
rElec   +          Harm     .    (no ring)
rCorr   +          Rampage  .    (no ring)
Will    .....                    (no ring)
Stlth   +++                      (no ring)
HPRegen 0.25/turn                (no ring)
MPRegen 0.09/turn                (no ring)
                                 (no ring)
                                 (no ring)

@: lethally poisoned (-2 -> -12), resistant
A: almost no armour, amphibious, 8 rings, camouflage 1, gelatinous body 1,
(nimble swimmer 1), tentacles
a: no special abilities


You were on level 4 of the Dungeon.
You visited 1 branch of the dungeon, and saw 4 of its levels.

You collected 91 gold pieces.

Inventory:

Jewellery
 a - a ring of flight
Wands
 b - a wand of flame (4) (quivered)
 c - a wand of charming (13)
 d - a wand of iceblast (3)
Scrolls
 f - a scroll of identify {unknown}


   Skills:
 + Level 2.1 Fighting
 + Level 3.2 Dodging
 + Level 3.2 Stealth
 * Level 2.9 Unarmed Combat
 + Level 4.0 Evocations


You had 4 spell levels left.
You didn't know any spells.
Your spell library was empty.

Dungeon Overview and Level Annotations

Branches:
Dungeon (4/15)
 Temple: D:4-7

Altars:


Innate Abilities, Weirdness & Mutations

You cannot wear most types of armour.
You are amphibious.
You can wear up to eight rings at the same time.
Your skin changes colour to match your surroundings (Stealth+).
Your rubbery body absorbs attacks. (AC +1, EV +1)
((You are camouflaged when in or above water. (Stealth+)))
You have tentacles for arms and can constrict up to eight enemies at once.


Message History

You are too injured to fight recklessly!
You tentacle-slap the giant cockroach but do no damage.
You grab the giant cockroach. You constrict the giant cockroach.
The giant cockroach barely misses you.
You tentacle-slap the giant cockroach. x2
You kill the giant cockroach!
You see here a giant cockroach corpse.
HP restored.
f - a scroll labelled HUSTOOFOPN An orc comes into view.
It is wielding a +0 whip of venom.
An orc is nearby!
The orc hits you with a +0 whip of venom.
You are poisoned.
The orc blocks your attack.
Your grab misses the orc.
You feel very sick.
The orc hits you with a +0 whip of venom.
You are more poisoned.
The orc blocks your attack. x2; Your squeeze misses the orc.
You feel very sick.
The orc hits you with a +0 whip of venom.
You are lethally poisoned!
The orc blocks your attack.
Your grab misses the orc.
You feel very sick. The orc barely misses you.
Okay, then.
Okay, then.
Aiming: Charm
Press: ? - help, Shift-Dir - straight line, f - orc
Aim: an orc, wielding a +0 whip of venom, wearing a +0 chain mail and wearing an amulet of reflection (reflecting blocked projectiles, chance to affect: 75%)
The orc is charmed.
* * * LOW HITPOINT WARNING * * *
You feel very sick.
It was a potion of resistance.
You feel protected.
* * * LOW HITPOINT WARNING * * *
You feel very sick.
You swap places.
* * * LOW HITPOINT WARNING * * *
You feel very sick.
You die...

.# ...# #.# ... #.# ##.
..## #.. ... ... #.# #.#
#.#
#.######.#######.######.
..............o.........
...##.......####@#####.
#††##.......# #.#
#..##.......# #.#
#..##.......# #.#
.........#### #..
##.#####.# ... #.# #.#
... ... #.# ###. .....
...


You could see a friendly orc (charmed, reflecting).

Vanquished Creatures
  An orc priest (D:3)
  A hound (D:4)
  Jessica (D:3)
  An iguana (D:4)
  2 gnolls (D:3)
  2 adders (D:3)
  A worm (D:3)
  A dart slug (D:3)
  3 orcs (D:3)
  4 ball pythons
  3 endoplasms
  3 giant cockroaches
  2 goblins
  2 hobgoblins
  5 jackals
  A bat (D:3)
  3 kobolds (D:1)
  A rat (D:3)
37 creatures vanquished.

Notes
Turn   | Place    | Note
-------+----------+-------------------------------------------
     0 | D:1      | M4edhros the Octopode Artificer began the quest for the
                  | Orb.
     0 | D:1      | Reached XP level 1. HP: 13/13 MP: 1/1
    75 | D:1      | Reached XP level 2. HP: 6/18 MP: 2/2
   145 | D:1      | Reached skill level 1 in Unarmed Combat
   397 | D:3      | Reached XP level 3. HP: 16/23 MP: 3/3
   476 | D:3      | Noticed Jessica
   486 | D:3      | Killed Jessica
   487 | D:3      | Reached XP level 4. HP: 28/28 MP: 4/4
   519 | D:3      | Reached XP level 5. HP: 16/34 MP: 5/5
   527 | D:3      | Found a faded altar of an unknown god.
   654 | D:4      | Reached skill level 4 in Evocations
   857 | D:4      | HP: 1/34 [poisoned by an orc]
   858 | D:4      | Succumbed to an orc's poison

Illustrated notes

Levels and vault maps discovered:
D:1:      lemuel_arrival_lava_pool, layout_rooms
D:2:      layout_rooms
D:3:      layout_loops_ring, hellmonk_ecumenical_altar_arch_garden,
          chequers_serial_rivers_large_b, minmay_fractal_squares_gapless_5,
          uniq_jessica
D:4:      layout_basic, minmay_temple_entry_from_below_b

Skill      XL: |  1  2  3  4  5 |
---------------+----------------+-----
Unarmed Combat | 1 2 |  2.9
Stealth        | 2 3 |  3.2
Dodging        | 3 |  3.2
Fighting       | 2 |  2.1
Evocations     | 4 |  4.0

Action                   |  1- 3 |  4- 6 || total
-------------------------+-------+-------++-------
Melee: Unarmed           |    49 |    28 ||    77
       Constrict         |    14 |     8 ||    22
       Tentacles         |    10 |     5 ||    15
       Punch             |       |     2 ||     2
Evoke: Wand              |     5 |    10 ||    15
  Use: Potion            |     1 |     1 ||     2
 Stab: Distracted        |     1 |       ||     1
       Sleeping          |     2 |     1 ||     3
Armor: Skin              |     2 |       ||     2
Dodge: Dodged            |    34 |    19 ||    53

Table legend: (Time is in decaauts)
 A = Elapsed time spent in this place.
 B = Non-inter-level travel time spent in this place.
 C = Inter-level travel time spent in this place.
 D = Time resting spent in this place.
 E = Time spent auto-exploring this place.
 F = Levels seen in this place.
 G = Mean time per level.
                   A        B        C        D        E       F      G
               +--------+--------+--------+--------+--------+-----+--------+
         Total |    856 |    830 |     26 |     82 |    491 |   4 |  214.0 |
       Dungeon |    856 |    830 |     26 |     82 |    491 |   4 |  214.0 |
               +--------+--------+--------+--------+--------+-----+--------+

Top non-repeatable levels by time:
     D:3: 397 daAuts
     D:4: 209 daAuts
     D:1: 165 daAuts
     D:2: 84 daAuts
